 Dungeon Crawl Stone Soup version 0.31-b1-12-gca42e3d1b8 (webtiles) character file.

Game seed: 13224551721544593908

1017 Arctor the Ruffian (level 8, -9/60 HPs)
             Began as a Gnoll Shapeshifter on Jan 15, 2024.
             Was an Initiate of Gozag.
             Mangled by an ice beast (14 damage)
             ... on level 8 of the Dungeon.
             The game lasted 00:04:52 (3498 turns).

Arctor the Ruffian (Gnoll Shapeshifter)             Turns: 3498, Time: 00:04:54

Health: -9/60      AC: -8    Str: 14 (15) XL:     8   Next: 22%
Magic:  12/12      EV: 17    Int:  7 (10) God:    Gozag
Gold:   288        SH:  0    Dex:  9 (12) Spells: 10/13 levels left

rFire   . .          .
                       - Unarmed
rCold   . . .        (shield currently unavailable)
rNeg    . . .        a - melded +0 animal skin
rPois   .            (no helmet)
rElec   .            (no cloak)
rCorr   .            (no gloves)
SInv    .            (no boots)
Will    .....        (no amulet)
Stlth   +            (no ring)
HPRegen 0.30/turn    (no ring)
MPRegen 0.13/turn

%: no passive effects
@: mighty, flux-form, corroded, glowing
A: glow, contaminating, fangs 1, strong nose, distributed training
a: Begin Untransformation, Renounce Religion, Potion Petition, Call Merchant,
Bribe Branch


You were on level 8 of the Dungeon.
You worshipped Gozag.
Gozag was aware of your devotion.
You were something dangerously unstable.
You visited 1 branch of the dungeon, and saw 7 of its levels.

You collected 288 gold pieces.

Inventory:

Missiles
 q - 7 curare-tipped darts (quivered)
Armour
 a - a +0 animal skin (melded)
 j - a +0 helmet
Jewellery
 l - a +4 ring of slaying
 u - a ring of protection from fire
Talismans
 c - a beast talisman
 d - a flux talisman (active)
Wands
 r - a wand of flame (14)
Scrolls
 e - a scroll of immolation
 f - a scroll of enchant weapon
 k - a scroll of revelation
 p - 2 scrolls of identify {unknown}
 v - a scroll of fog {unknown}
Potions
 g - a potion of might
 i - a potion of enlightenment {unknown}
 m - a potion of mutation {unknown}
 s - a potion of curing {unknown}
 t - a potion of brilliance {unknown}
 w - a potion of resistance {unknown}


   Skills:
 + Level 4.1 Fighting
 + Level 3.2 Short Blades
 + Level 3.2 Long Blades
 + Level 3.2 Axes
 + Level 3.2 Maces & Flails
 + Level 3.2 Polearms
 + Level 3.2 Staves
 + Level 3.2 Ranged Weapons
 + Level 3.2 Throwing
 + Level 3.2 Armour
 + Level 5.6 Dodging
 + Level 3.2 Stealth
 + Level 3.2 Shields
 + Level 7.3 Unarmed Combat
 + Level 3.2 Spellcasting
 + Level 2.6 Conjurations
 + Level 2.6 Hexes
 + Level 2.6 Summonings
 + Level 2.6 Necromancy
 + Level 2.6 Translocations
 + Level 2.6 Fire Magic
 + Level 2.6 Ice Magic
 + Level 2.6 Air Magic
 + Level 2.6 Earth Magic
 + Level 2.6 Alchemy
 + Level 3.5 Invocations
 + Level 3.2 Evocations
 + Level 7.2 Shapeshifting


You had 10 spell levels left.
You knew the following spells:

 Your Spells              Type           Power      Damage    Failure   Level
a - Blink                 Tloc           8%         N/A       19%         2
b - Shock                 Conj/Air       16%        1d4       12%         1

Your spell library contained the following spells:

 Spells                   Type           Power      Damage    Failure   Level
 Apportation              Tloc           8%         N/A       12%         1
 Foxfire                  Conj/Fire      16%        2x1d4     12%         1
 Jinxbite                 Hex            8%         N/A       19%         2
 Lesser Beckoning         Tloc           8%         N/A       19%         2
 Momentum Strike          Conj/Tloc      8%         3d8       19%         2
 Swiftness                Air            4%         N/A       34%         3
 Sticky Flame             Fire/Alch      4%         2d4       75%         4
 Alistair's Intoxication  Alch           2%         N/A       97%         5
 Plasma Beam              Fire/Air       2%         2x1d12    100%        6
 Starburst                Conj/Fire      2%         6d3       100%        6


Dungeon Overview and Level Annotations

Branches:
Dungeon (8/15)               Lair (0/5) D:8
 Temple: D:4-7

Altars:
Fedhas
Gozag
Qazlal
Sif Muna
Vehumet
Yredelemnul

Shops:
D:1 ?[


Innate Abilities, Weirdness & Mutations

You are something dangerously unstable.
You glow with magical radiation, making you easy to see and hit.
Foes you strike become dangerously contaminated with magical radiation.
You are incapable of wielding weapons or throwing items.
You have very sharp teeth.
Your uncanny sense of smell can sniff out nearby items.
Your experience applies equally to all skills.


Message History

The kobold is heavily wounded.
The kobold hits you with a +0 short sword.
* * * LOW HITPOINT WARNING * * *
You can't wield anything in your present form.
It was a potion of might.
You feel very mighty all of a sudden. The kobold misses you.
You barely miss the kobold. You bite the kobold.
You kill the kobold!
Unknown command.
You punch the jelly!
The jelly begins to glow.
The acid corrodes you!
Your hands burn!
* * * LOW HITPOINT WARNING * * *
You bite the jelly.
The jelly is severely wounded.
The jelly completely misses you.
The ice beast is distracted by your dazzling golden aura.
You hit the jelly but do no damage.
The jelly glows dangerously bright.
The acid corrodes you!
Your hands burn!
* * * LOW HITPOINT WARNING * * *
The jelly is severely wounded.
The jelly closely misses you.
Unknown command.
You punch the jelly!
You kill the jelly!
The ice beast is no longer distracted by gold.
The kobold throws a stone.
The stone misses you.
Unknown command.
The ice beast hits you.
* * * LOW HITPOINT WARNING * * *
The ice beast freezes you!
* * * LOW HITPOINT WARNING * * *
It was a potion of degeneration.
There was something very wrong with that liquid.
You feel weakened.
You feel dopey.
You feel clumsy. The ice beast hits you.
* * * LOW HITPOINT WARNING * * *
The ice beast freezes you!
You die...
Your body crumbles into a pile of gold.

,,........'...#.........,,*,,,,,*
,,........#...#.........,,*,,,,,*
,,........#...'.........,,*,,,,,*
,,........#...#.........,,*,,,,,+
,,........#+####.#######+**,,,,,*
**#+#......,,###.#.....>.,,,**+**
,,,,#......,,#...#.......,,,*,,,,
,,,,+.....,,,#...#.......,,,*,,..
,,,,*,,,,,,,,#..p#.......,,,+,,..
,,,,*,,,,,,,,####Y.K.....,,,*,,##
,,,,*,,,,,.......h.......,,**,,##
,,,,*,,,,,........♣......,*,,,,..
,,,,*,,,,,.......P.......,,,,,,..
,,,,+,,,,,.........,♣.♣..,,,,,,..
,,,,*,,,,,..........,...P,,,...##
,,,,******......P..P,>.♣.*,....##
,,,,**,,,+....P...P..,,.,,......>


You could see a black bear, an ice beast and a kobold.

Vanquished Creatures
  A steam dragon (D:8)
  2 basilisks (D:8)
  An ice beast (D:8)
  A wolf (D:8)
  A phantom (D:5)
  A kobold brigand (D:8)
  A scorpion (D:8)
  A bombardier beetle (D:4)
  A jelly (D:8)
  An iguana (D:5)
  5 adders
  3 gnolls (D:5)
  4 dart slugs
  A ribbon worm (D:3)
  3 ball pythons
  6 endoplasms
  3 giant cockroaches
  12 hobgoblins
  4 jackals (D:1)
  2 quokkas
  4 bats
  6 goblins
  9 kobolds
  4 rats
77 creatures vanquished.

Notes
Turn   | Place    | Note
-------+----------+-------------------------------------------
     0 | D:1      | Arctor the Gnoll Shapeshifter began the quest for the Orb.
     0 | D:1      | Reached XP level 1. HP: 17/17 MP: 1/1
    93 | D:1      | Found Delur's Magic Scroll Shop.
    98 | D:1      | Reached XP level 2. HP: 22/23 MP: 2/2
   231 | D:1      | Found Orih's Antique Armour Shop.
   273 | D:1      | Reached XP level 3. HP: 27/28 MP: 3/3
   555 | D:2      | Reached skill level 1 in Invocations
   617 | D:2      | Reached skill level 1 in Short Blades
   617 | D:2      | Reached skill level 1 in Long Blades
   617 | D:2      | Reached skill level 1 in Axes
   617 | D:2      | Reached skill level 1 in Maces & Flails
   617 | D:2      | Reached skill level 1 in Polearms
   617 | D:2      | Reached skill level 1 in Staves
   617 | D:2      | Reached skill level 1 in Ranged Weapons
   617 | D:2      | Reached skill level 1 in Throwing
   617 | D:2      | Reached skill level 1 in Armour
   617 | D:2      | Reached skill level 1 in Stealth
   617 | D:2      | Reached skill level 1 in Shields
   617 | D:2      | Reached skill level 1 in Spellcasting
   617 | D:2      | Reached skill level 1 in Evocations
   713 | D:2      | Reached XP level 4. HP: 31/34 MP: 5/5
   945 | D:2      | Got the Omnibus of Molten Electrocution
   949 | D:2      | Found a faded altar of an unknown god.
  1036 | D:2      | Found a stormy altar of Qazlal.
  1323 | D:3      | Found a radiant altar of Vehumet.
  1331 | D:3      | Reached skill level 1 in Conjurations
  1331 | D:3      | Reached skill level 1 in Hexes
  1331 | D:3      | Reached skill level 1 in Summonings
  1331 | D:3      | Reached skill level 1 in Necromancy
  1331 | D:3      | Reached skill level 1 in Translocations
  1331 | D:3      | Reached skill level 1 in Fire Magic
  1331 | D:3      | Reached skill level 1 in Ice Magic
  1331 | D:3      | Reached skill level 1 in Air Magic
  1331 | D:3      | Reached skill level 1 in Earth Magic
  1331 | D:3      | Reached skill level 1 in Alchemy
  1655 | D:3      | Reached XP level 5. HP: 40/40 MP: 7/7
  1895 | D:3      | Found a basalt altar of Yredelemnul.
  2259 | D:2      | Prayed at the altar of an unknown god.
  2259 | D:2      | Became a worshipper of Gozag Ym Sagoz the Greedy
  2731 | D:5      | Entered Level 5 of the Dungeon
  2837 | D:4      | Learned a level 2 spell: Blink
  2839 | D:4      | Learned a level 1 spell: Shock
  2988 | D:5      | Noticed a phantom
  2996 | D:5      | Killed a phantom
  2997 | D:5      | Reached skill level 5 in Dodging
  2997 | D:5      | Reached XP level 6. HP: 36/47 MP: 7/9
  3040 | D:5      | You fall into a shaft and drop 3 floors!
  3051 | D:8      | Noticed a water moccasin
  3052 | D:8      | Noticed an ice beast
  3061 | D:8      | Found a shimmering blue altar of Sif Muna.
  3128 | D:8      | Found a blossoming altar of Fedhas.
  3158 | D:8      | Noticed a steam dragon
  3270 | D:8      | Killed a steam dragon
  3271 | D:8      | Reached XP level 7. HP: 13/52 MP: 10/10
  3446 | D:8      | Noticed a basilisk
  3448 | D:8      | Noticed a basilisk
  3455 | D:8      | Killed a basilisk
  3457 | D:8      | Killed a basilisk
  3476 | D:8      | Reached XP level 8. HP: 46/60 MP: 12/12
  3498 | D:8      | Mangled by an ice beast

Illustrated notes

Levels and vault maps discovered:
D:1:      sevenhm_arrival_forest_fort_small_3, layout_basic, serial_shops, shop,
          nicolae_shop_tiny_statue_garden
D:2:      layout_loops_cross, basic_altar, ebering_ecumenical_altar_webs,
          grunt_ministairs_4, amcnicky_mini_pool_small
D:3:      layout_basic, vehumet_crystals, mainiacjoe_overflow_alcove_4
D:4:      layout_rooms
D:5:      layout_rooms, tgw_trog, mainiacjoe_overflow_catwalk,
          minmay_temple_entry_arrows, chequers_serial_rivers_micro_b
D:7:      layout_loops_corners, nicolae_overflow_hidden_temple
D:8:      layout_gridville, old_standard_altar, old_standard_altar,
          minmay_lair_entry_grove

Skill      XL: |  1  2  3  4  5  6  7 |
---------------+----------------------+-----
Invocations    | 1 2 3 |  3.5
Short Blades   | 1 2 3 |  3.2
Long Blades    | 1 2 3 |  3.2
Axes           | 1 2 3 |  3.2
Maces & Flails | 1 2 3 |  3.2
Polearms       | 1 2 3 |  3.2
Staves         | 1 2 3 |  3.2
Ranged Weapons | 1 2 3 |  3.2
Throwing       | 1 2 3 |  3.2
Armour         | 1 2 3 |  3.2
Stealth        | 1 2 3 |  3.2
Shields        | 1 2 3 |  3.2
Spellcasting   | 1 2 3 |  3.2
Evocations     | 1 2 3 |  3.2
Conjurations   | 1 2 |  2.6
Hexes          | 1 2 |  2.6
Summonings     | 1 2 |  2.6
Necromancy     | 1 2 |  2.6
Translocations | 1 2 |  2.6
Fire Magic     | 1 2 |  2.6
Ice Magic      | 1 2 |  2.6
Air Magic      | 1 2 |  2.6
Earth Magic    | 1 2 |  2.6
Alchemy        | 1 2 |  2.6
Fighting       | 3 4 |  4.1
Dodging        | 5 |  5.6
Unarmed Combat | 7 |  7.3
Shapeshifting  | 7 |  7.2

Action                     |  1- 3 |  4- 6 |  7- 9 || total
---------------------------+-------+-------+-------++-------
  Melee: Unarmed           |    51 |    89 |    37 ||   177
         Bite              |     6 |    11 |     3 ||    20
         Punch             |     2 |     3 |     1 ||     6
    Use: Scroll            |       |     4 |     1 ||     5
         Potion            |       |       |     3 ||     3
   Stab: Sleeping          |     2 |     5 |       ||     7
 Armour: Animal skin       |    19 |    20 |       ||    39
         Skin              |       |    19 |    26 ||    45
  Dodge: Dodged            |    23 |    60 |    10 ||    93
   Form: Flux              |       |     1 |       ||     1
